 Dungeon Crawl Stone Soup version 0.20.1-1-g8b1a95d (webtiles) character file.

331 Jannitor the Skirmisher (level 6, -2/39 HPs)
             Began as a Gargoyle Chaos Knight on Sept 14, 2017.
             Slain by Allophanate's ghost (12 damage)
             ... on level 3 of the Dungeon.
             The game lasted 00:08:27 (3733 turns).

Jannitor the Skirmisher (Gargoyle Chaos Knight)     Turns: 3733, Time: 00:08:27

Health: -2/39      AC: 12    Str: 15 (18) XL:     6   Next: 52%
Magic:  6/6        EV: 11    Int: 12      God:    Xom [*.....]
Gold:   244        SH:  4    Dex:  9      Spells: 5/5 levels left

rFire    . . .     SeeInvis .   l - +1 mace (holy)
rCold    + . .     Gourm    .   j - +0 buckler
rNeg     + . .     Faith    .   b - +2 leather armour
rPois    ∞         Spirit   .   e - +0 helmet
rElec    +         Reflect  .   (no cloak)
rCorr    .         Harm     .   r - +0 pair of gloves
MR       .....                  (no boots)
Stlth    +.........             (no amulet)
Regen    0.2/turn               (no ring)
MPRegen  0.1/turn               (no ring)

@: flying
A: cold resistance 1, negative energy resistance 1, electricity resistance,
unbreathing, petrification resistance, rot immunity, AC +4
a: Renounce Religion


You were on level 3 of the Dungeon.
You worshipped Xom.
You were a special plaything of Xom.
You were hungry.

You visited 1 branch of the dungeon, and saw 3 of its levels.
You also visited: Sewer.

You collected 244 gold pieces.

Inventory:

Hand Weapons
 a - a +0 mace of chaos
 l - a +1 mace of holy wrath (weapon)
Armour
 b - a +2 leather armour (worn)
 e - a +0 helmet (worn)
 j - a +0 buckler (worn)
 r - a +0 pair of gloves (worn)
Scrolls
 d - 6 scrolls of identify
 f - 6 scrolls of teleportation
 g - 4 scrolls of remove curse
 i - a scroll of blinking {unknown}
 o - 2 scrolls of enchant armour {unknown}
 p - a scroll of amnesia {unknown}
Potions
 h - a potion of haste
 n - 2 potions of flight
Comestibles
 c - 2 bread rations
 k - 2 meat rations


   Skills:
 + Level 4.6 Fighting
 + Level 4.4 Maces & Flails
 + Level 4.1 Armour
 - Level 0.7 Dodging
 + Level 3.1 Shields


You had 5 spell levels left.
You didn't know any spells.

Dungeon Overview and Level Annotations

Branches:
Dungeon (3/15)

Altars:
Uskayaw
Xom

Annotations:
D:3 Allophanate's ghost, amateur HOFi


Innate Abilities, Weirdness & Mutations

You are resistant to torment.
Your stone body is resilient. (AC +4)
You are immune to poison.
You resist negative energy. (rN+)
You are resistant to electric shocks. (rElec)
You can survive without breathing.
You are immune to petrification.
You are immune to rotting.
Your flesh is cold resistant. (rC+)


Message History

Allophanate's ghost is almost destroyed.
Allophanate's ghost hits you!
You are too injured to fight recklessly!
You barely miss Allophanate's ghost.
Allophanate's ghost is almost destroyed.
Allophanate's ghost hits you but does no damage.
Allophanate's ghost barely misses you.
You hit Allophanate's ghost but do no damage.
Allophanate's ghost is almost destroyed.
Allophanate's ghost hits you.
* * * LOW HITPOINT WARNING * * *
You feel better.
Allophanate's ghost whispers, "You will understand me better in a moment."
Allophanate's ghost hits you!
* * * LOW HITPOINT WARNING * * *
You feel better.
Your butterfly disappears in a puff of smoke!
Allophanate's ghost hits you!
You die... "This toy is broken."

...##....##......######.# ##
.<.''.....'......'......##
...##....##......##......#####
...##....##.[....##......'...#
...##....##...b..##......###.#
#####....##......##......# #.#
# #....##......##......# #.# #
#....##....b.####'######.# #
########..bW@..##.# #....# #
#...)[..##.# #.#..#
#..b.....#.# #.#..#
#........#.###.#..#
#....b...#.....#..# ####
#........#######..# ...#
#.................# ...#
#.......#########.#
...#########.......###....##.#


You could see Allophanate's ghost.

Vanquished Creatures
  A big kobold (Sewer)
  A hound (D:3)
  Robin (D:3)
  7 adders
  3 river rats
  An ooze (D:1)
  3 worms
  3 dart slugs
  4 leopard geckos
  5 orcs (D:3)
  4 ball pythons
  6 bats
  8 giant cockroaches
  14 goblins
  11 hobgoblins
  4 jackals
  12 kobolds
  6 frilled lizards
  18 rats
112 creatures vanquished.

Notes
Turn   | Place    | Note
-------+----------+-------------------------------------------
     0 | D:1      | Jannitor the Gargoyle Chaos Knight began the quest for the Orb.
     0 | D:1      | Reached XP level 1. HP: 14/14 MP: 1/1
   117 | D:1      | Reached XP level 2. HP: 18/19 MP: 2/2
   900 | D:1      | You fall through a shaft!
   914 | D:2      | Reached XP level 3. HP: 16/23 MP: 3/3
  1009 | D:2      | XOM: divination: detect creatures
  1250 | D:2      | Reached XP level 4. HP: 19/29 MP: 4/4
  1311 | D:2      | XOM: divination: magic mapping
  1423 | D:2      | XOM: god gift: 2 scrolls labeled DOEREANIESM {god gift}
  1433 | D:2      | XOM: confuse monster(s)
  1443 | D:2      | Reached skill level 1 in Shields
  1532 | D:2      | XOM: smoke on damage
  2108 | D:3      | Reached XP level 5. HP: 26/33 MP: 5/5
  2148 | D:3      | Noticed Robin
  2154 | D:3      | Killed Robin
  2254 | D:3      | Found a glowing drain.
  2346 | Sewer    | Entered a sewer
  2674 | Sewer    | Noticed a big kobold
  2674 | Sewer    | XOM: cast spell 'Shadow Creatures'
  2690 | Sewer    | XOM: give mutations
  2690 | Sewer    | Gained mutation: Your flesh is cold resistant. (rC+) [Xom's mischief]
  2690 | Sewer    | Gained mutation: Your body sometimes deteriorates upon taking damage. [Xom's mischief]
  2691 | Sewer    | Killed a big kobold
  2691 | Sewer    | Reached XP level 6. HP: 36/39 MP: 6/6
  2721 | Sewer    | Found a white marble altar of Elyvilon.
  2903 | D:3      | Noticed a hand axe
  2903 | D:3      | Noticed a dagger
  2907 | D:3      | Found a hide-covered altar of Uskayaw.
  2959 | D:3      | XOM: cloud trail
  3075 | D:3      | Noticed Allophanate's ghost (amateur HOFi)
  3077 | D:3      | XOM: enchant monster (bad)
  3082 | D:3      | XOM: butterfly on damage
  3274 | D:3      | XOM: give mutation
  3274 | D:3      | Lost mutation: Your body sometimes deteriorates upon taking damage. [Xom's mischief]
  3277 | D:3      | XOM: harmless Necr miscast
  3306 | D:3      | XOM: scenery: create altars
  3555 | D:3      | XOM: noise
  3641 | D:2      | XOM is BORED!
  3641 | D:2      | XOM: stat loss: -3 Str (15/18)
  3724 | D:3      | XOM: butterfly on damage
  3733 | D:3      | Slain by Allophanate's ghost

Skill      XL: |  1  2  3  4  5  6 |
---------------+-------------------+-----
Armour         | 3 4 |  4.1
Fighting       | 4 |  4.6
Shields        | 1 2 3 |  3.1
Maces & Flails | 4 |  4.4
Dodging        | |  0.7

Action                   |  1- 3 |  4- 6 || total
-------------------------+-------+-------++-------
Melee: Mace              |    81 |   342 ||   423
  Use: Scroll            |       |     7 ||     7
       Potion            |       |     5 ||     5
 Stab: Confused          |     1 |     1 ||     2
  Eat: Chunk             |     1 |     8 ||     9
Armor: Leather armour    |    38 |   186 ||   224
Dodge: Dodged            |    56 |   232 ||   288
Block: Buckler           |       |    51 ||    51
